[Event "Late-Titled-Tuesday-Blitz-January-30-2024"]
[Site "Chess.com"]
[Date "2024.01.30"]
[Round "7"]
[White "GasconJR"]
[Black "alexrustemov"]
[Result "1-0"]
[WhiteElo "2604"]
[BlackElo "2745"]
[TimeControl "180+1"]
[EndTime "15:19:11 PST"]
[Termination "GasconJR won by resignation"]

1. e4 e6 2. d3 c5 3. Nf3 Nc6 4.
g3 g6 5. Bg2 Bg7 6. c3 Nge7 7. h4 h6 8. d4 d5 9. e5 Qb6 10. Bh3 Bd7 11. O-O Rc8 12. a3 O-O 13.
Re1 a5 14. dxc5 Qxc5 15. Be3 Qc4 16. Nbd2 Qa6 17. Nb3 b6 18. Qd2 Kh7 19. h5 Qb7 20. Nbd4 Nxd4 21. Nxd4 Nf5 22. Nxf5 gxf5 23. Bd4 Bb5 24.
Kh2 Rg8 25. Rg1 Bf8 26. g4 fxg4 27. Bxg4 Bc5 28. Bd1 f5 29. exf6 Bd6+ 30. f4 Qc7 31. Bc2+ Kh8 32. f7+ e5 33. fxg8=Q+ Rxg8 34. Rxg8+ Kxg8 35. Rg1+ Kf8 36. Qg2 Qf7 37. fxe5 Qxh5+ 38. Qh3 Bxe5+ 39.
Bxe5 Qxe5+ 40. Qg3 Qe2+ 41. Rg2 Qh5+ 42. Qh3 Qe5+ 43.
Rg3 Qe2+ 44. Qg2 Qh5+ 45. Kg1 Be8 46. Rf3+ Ke7 47. Qg3 Kd7 48. Ba4+ b5 49. Bxb5+ Kd8 50. Bxe8 Kxe8 51. Re3+ Kd7 52. Qg7+ Kc6 53. Qf6+ Kb5 54. c4+ Ka4 55. b3+ Kxa3 56. Qa1+ Kb4 57. Qe1+ Ka3 58.
b4+ Ka4 59. Qa1+ Kxb4 60. Qa3+ Kxc4 61. Qb3+ Kc5 62. Rc3+ Kd6 63. Qb6+ Ke5 64. Re3+ Kf5 65. Qe6+ Kg5 66. Re5+ Kh4 67. Rxh5+ Kxh5 68. Qxd5+ Kg4 69. Qxa5 h5 70. Kh2 h4 71. Qb4+ Kg5 72. Kh3 Kh5 73.
Qxh4+ Kg6 74. Qf4 Kg7 75. Qf5 Kh6 76. Qg4 Kh7 77. Kg3 Kh8 78. Kf4 1-0

[Event "Late-Titled-Tuesday-Blitz-January-30-2024"]
[Site "Chess.com"]
[Date "2024.01.30"]
[Round "7"]
[White "Kacparov"]
[Black "LevonAronian"]
[Result "1-0"]
[WhiteElo "2953"]
[BlackElo "3088"]
[TimeControl "180+1"]
[EndTime "15:19:15 PST"]
[Termination "Kacparov won by resignation"]

1. e4 c5 2. Nf3 e6 3. d4 cxd4 4. Nxd4 Nc6 5. Nc3 Qc7 6. Be2 Nf6 7. Be3 a6 8. O-O b5 9. Nxc6 dxc6 10. f4 Bb7 11.
Bf3 Rd8 12. Qe2 e5 13. Rad1 Rxd1 14. Rxd1 Be7 15. fxe5 Qxe5 16. Qd2 O-O 17. Bf4 Qe6 18. e5 Ng4 19. Qd4 f6 20. exf6 Nxf6 21. Qe5 Qf7 22. Be3 Re8 23. Qc7 Bf8 24. Qxf7+ Kxf7 25. Kf2 Bc8 26.
h3 c5 27. a4 b4 28. Nd5 Ne4+ 29. Bxe4 Rxe4 30. b3 h6 31. Kf3 Re8 32. Nb6 Bf5 33.
Rd2 Be4+ 34. Kf2 Be7 35. Nd7 Rc8 36. Ne5+ Ke8 37. Nc4 Rc6 38. Kg1 g5 39. Bf2 Bh7 40. Ne5 Re6 41. Nd3 Rd6 42. Kf1 Rd5 43. Ke2 a5 44. Ne1 Rxd2+ 45. Kxd2 Kd7 46. Nd3 Kc6 47. Ne5+ Kd5 48. Nc4 Bd8 49. Bg3 Be4 50. Bb8 Bxg2 51. Ne3+ Ke4 52. Nxg2 h5 53. Ke2 c4 54. Ne3 c3 55.
Nc4 g4 56. hxg4 hxg4 57. Bg3 Kd5 58. Bf2 Ke4 59. Ne3 Kf4 60. Nd5+ Ke4 61. Ne3 Kf4 62.
Ng2+ Ke4 63. Bg3 Bb6 64. Ne1 Bd8 65. Nd3 Bb6 66. Nf2+ Kf5 67. Kd3 Bd8 68. Ne4 Ke6 69.
Ke3 Kf5 70. Nd6+ Ke6 71. Nc4 Kf5 72. Kd4 Bf6+ 73. Kd5 Bd8 74. Ne3+ Kg5 75. Ke4 Bb6 76. Nd5 Bd8 77. Ke5 Kh5 78. Kf5 Bg5 79. Nf4+ 1-0

[Event "Late-Titled-Tuesday-Blitz-January-30-2024"]
[Site "Chess.com"]
[Date "2024.01.30"]
[Round "7"]
[White "iamanoush"]
[Black "Hirna2005"]
[Result "0-1"]
[WhiteElo "2475"]
[BlackElo "2300"]
[TimeControl "180+1"]
[EndTime "15:19:16 PST"]
[Termination "Hirna2005 won by checkmate"]

1. d4 g6 2. c4 Bg7 3. Nc3 d6 4. e4 Nc6 5. Be3 e5 6. d5 Nce7 7. f3 f5 8. Qd2 Nf6 9. Bd3 O-O 10. Nge2 fxe4 11. Nxe4 Nf5 12. Bg5 h6 13. Nxf6+ Rxf6 14. Bxf6 Qxf6 15. Ng3 Qh4 16. Qf2 Nd4 17. Bxg6 Bd7 18.
Be4 Rf8 19. Ne2 Qxe4 20. fxe4 Nc2+ 21. Kf1 Nxa1 22. Qxf8+ Bxf8 23. Kf2 Nc2 24. h3 Be7 25. Rc1 Nb4 26. Rc3 a5 27. a3 Na6 28. g4 Nc5 29.
Kf3 a4 30. Rc2 Bh4 31. Nc3 Kg7 32. Nb5 Bd8 33. Rh2 Bxb5 34. cxb5 Nb3 35. Ke3 Nd4 36.
h4 Nxb5 37. Kd3 Nd4 38. Rh3 c5 39. dxc6 bxc6 40. Rg3 Kg6 41. Rh3 Ba5 42. Rh2 Be1 43.
Rh1 Bg3 44. Kc4 Bf4 45. Kb4 Ne2 46. Kxa4 h5 47. gxh5+ Kxh5 48. Rd1 Nd4 49. Kb4 Kxh4 50.
a4 c5+ 51. Kc4 Kg3 52. a5 Nc6 53. a6 Kf3 54. Rxd6 Na7 55. Kxc5 Kxe4 56. Rd7 Be3+ 57. Kc4 Kf3 58. b4 e4 59. b5 Ke2 60. Re7 Kf3 61.
Kd5 Nxb5 62. Rxe4 Nc3+ 63. Kc6 Nxe4 64. a7 Bxa7 65. Kb7 Be3 66. Kc6 Kf4 67. Kd7 Ke5 68. Kc6 Bd4 69. Kb5 Kd6 70. Ka6 Kc6 71. Ka5 Nd6 72. Ka6 Kc5 73. Ka5 Nc8 74. Ka6 Be3 75. Kb7 Nd6+ 76. Kc7 Bf4 77. Kd7 Kd5 78. Kc7 Nb5+ 79.
Kb7 Nc3 80. Ka6 Kc6 81. Ka7 Bd6 82. Ka8 Bc7 83. Ka7 Nb5+ 84. Ka8 Nd6 85. Ka7 Bd8 86. Ka8 Nc4 87. Ka7 Nd6 88. Ka8 Nb5 89. Kb8 Bc7+ 90. Kc8 Na7# 0-1

[Event "Late-Titled-Tuesday-Blitz-January-30-2024"]
[Site "Chess.com"]
[Date "2024.01.30"]
[Round "7"]
[White "Vasily85"]
[Black "karinachess1"]
[Result "1/2-1/2"]
[WhiteElo "2498"]
[BlackElo "2614"]
[TimeControl "180+1"]
[EndTime "15:19:21 PST"]
[Termination "Game drawn - insufficient material"]

1. Nf3 Nf6 2. b3 g6 3. Bb2 Bg7 4. g3 d6 5. Bg2 e5 6. O-O O-O 7. c4 h6 8. d4 e4 9. Nfd2 e3 10.
fxe3 Ng4 11. Rf3 c5 12. Nf1 Nc6 13. h3 Nf6 14. dxc5 Ne5 15. Bxe5 dxe5 16. Qxd8 Rxd8 17.
Nc3 e4 18. Rf2 Nd7 19. Rc1 f5 20. g4 Nxc5 21. gxf5 gxf5 22. Ng3 Rf8 23. Nd5 Be5 24. Nxf5 Kh7 25. Nd4 Bh2+ 26. Kf1 Bd7 27. Nf6+ Kg7 28. Nxd7 Nxd7 29. Bxe4 Rxf2+ 30. Kxf2 Rf8+ 31. Kg2 Be5 32. Bxb7 Nc5 33. Bd5 Re8 34. b4 Na6 35. b5 Nc5 36. Kf3 Kf6 37. Rg1 Rf8 38. Nc6 Bb8 39. e4 Nd7 40. a4 Ne5+ 41. Nxe5 Kxe5+ 42. Ke3 Bd6 43. Kd3 Rf6 44. Rg8 Bc5 45. Re8+ Kd6 46. e5+ Kd7 47. Bc6+ Rxc6 48. Rh8 Re6 49. Ke4 Rg6 50. Rh7+ Kc8 51. Kd5 Be3 52. e6 Kd8 53. Kd6 Bf4+ 54.
Kd5 Bg5 55. e4 Bf4 56. e5 Rg5 57. Rh8+ Ke7 58. Rh7+ Ke8 59. Rxa7 Rxe5+ 60. Kd4 Rxe6 61. Ra8+ Ke7 62. c5 Be3+ 63. Kd5 Rg6 64. c6 Rg5+ 65. Ke4 Bb6 66. Rb8 Bc7 67. Rb7 Kd6 68. b6 Kxc6 69.
Rxc7+ Kxb6 70. Rh7 Rh5 71. Kf3 Rxh3+ 72. Kg4 Ra3 73. Kh5 Ka5 74. Rxh6 Rxa4 75. Rg6 Kb4 76. Rg5 Ra5 77. Rxa5 Kxa5 1/2-1/2

[Event "Late-Titled-Tuesday-Blitz-January-30-2024"]
[Site "Chess.com"]
[Date "2024.01.30"]
[Round "7"]
[White "rikchessmx"]
[Black "guillembaches"]
[Result "0-1"]
[WhiteElo "2319"]
[BlackElo "2520"]
[TimeControl "180+1"]
[EndTime "15:19:35 PST"]
[Termination "guillembaches won by resignation"]

1. e4 c5 2. Nf3 d6 3. d4 cxd4 4. Nxd4 Nf6 5. Nc3 Nc6 6. Bc4 Bd7 7. Be3 Ng4 8. Nxc6 bxc6 9. Bf4 e5 10. Bg3 Be7 11.
Bb3 O-O 12. Qe2 Bg5 13. h3 Nf6 14. Qd3 Qe7 15. Rd1 Ne8 16. O-O Be6 17. Qa6 Qc7 18. Rd3 Rd8 19. Rfd1 Bc8 20. Qa3 Be7 21. Qa4 g6 22. f4 Nf6 23. fxe5 dxe5 24. Rxd8 Rxd8 25. Rxd8+ Bxd8 26. Qc4 Kg7 27. Bxe5 Qxe5 28. Qxf7+ Kh6 29. Qf8+ Kg5 30. Qxd8 Ba6 31. Qd2+ Qf4 32. h4+ Kg4 33. Qd1+ Kg3 34. Qe1+ Kg4 35. Be6+ Kh5 36. e5 Ng4 37. Bxg4+ Kxg4 38. e6 Qd4+ 39. Kh2 Qd6+ 40. Kh1 Qe7 41. Qe4+ Kh5 42. Kh2 Bb7 43. Kh3 Kh6 44. g4 c5 45.
g5+ Kg7 46. Qe5+ Kg8 47. Nd5 Bxd5 48. Qxd5 Kf8 49. Qd7 Qxd7 50. exd7 Ke7 51. Kg4 Kxd7 52. h5 Ke6 53. hxg6 hxg6 54. Kf4 Kd5 55. b3 Kd4 56. a3 a5 57. a4 c4 58. bxc4 Kxc4 59.
Ke5 Kb4 60. Kf6 Kxa4 61. Kxg6 Kb4 62. Kf6 a4 63. g6 a3 64. g7 a2 65. g8=Q a1=Q+ 66. Kf5 Qf1+ 67. Ke4 Qe2+ 68. Kd4 Qd2+ 69. Ke4 Qxc2+ 70. Kd4 Qb2+ 71. Ke3 Qc1+ 72. Kf3 Qf1+ 73.
Ke3 Qc1+ 74. Ke2 Qc2+ 75. Ke3 Qc3+ 76. Ke2 Qe5+ 77. Kf3 Qf5+ 78. Kg3 Qe5+ 79. Kg4 Qe4+ 80. Kh3 Qh1+ 81. Kg3 Qg1+ 82. Kf4 Qxg8 0-1

[Event "Late-Titled-Tuesday-Blitz-January-30-2024"]
[Site "Chess.com"]
[Date "2024.01.30"]
[Round "7"]
[White "Mikhail_Bryakin"]
[Black "wqws"]
[Result "0-1"]
[WhiteElo "2816"]
[BlackElo "2638"]
[TimeControl "180+1"]
[EndTime "15:19:40 PST"]
[Termination "wqws won by resignation"]

1. e4 e5 2. d4 exd4 3. Qxd4 Nc6 4. Qd3 Nf6 5. Nc3 Bb4 6. Bd2 O-O 7. O-O-O Re8 8.
Nge2 d6 9. a3 Bc5 10. Be1 Rb8 11.
h3 b5 12. b4 Bb6 13. f4 a5 14. e5 axb4 15. exf6 bxc3 16. Bxc3 g6 17. Qg3 Re3 18. Qh4 Bc5 19. Qh6 Qf8 20. Qxf8+ Kxf8 21.
Kd2 Re8 22. g4 Be3+ 23. Kd3 b4 24. Bxb4 Nxb4+ 25. axb4 Rxb4 26. Kc3 Bc5 27. Rh2 Bb7 28. h4 Ra8 29. h5 Ra3+ 30. Kd2 Be3+ 31. Ke1 g5 32.
fxg5 Bxg5 33. Bg2 Bc8 34. Rh3 Ra5 35. Rc3 Ra7 36. Bf3 Bxf6 37. Rb3 Rxb3 38. cxb3 Be6 39. b4 Ra3 40. Kf2 Rb3 41. Bd5 Bxd5 42. Rxd5 Rxb4 43.
Kf3 Ke7 44. Nf4 Be5 45. Ne2 Ke6 46. Ra5 c5 47. Ra8 c4 48. Re8+ Kd7 49. Rf8 Ke7 50. Rc8 d5 51. Rc6 Rb3+ 52. Kf2 c3 53. Nc1 Rb1 54.
Nd3 Bg7 55. Rc7+ Ke6 56. Rc6+ Kd7 57. Rc5 Kd6 58. Rc8 Rd1 59. Ke3 d4+ 60. Ke4 Rd2 61. g5 Re2+ 62. Kf5 Re3 63. Nf4 Rf3 64. Ke4 Re3+ 65.
Kf5 d3 66. h6 Bxh6 67. gxh6 d2 68. Rd8+ Kc6 69. Kf6 c2 70. Rxd2 c1=Q 71. Rf2 Re4 72. Nh5 Qxh6+ 73. Kxf7 Qxh5+ 74. Kg7 Qg6+ 0-1

[Event "Late-Titled-Tuesday-Blitz-January-30-2024"]
[Site "Chess.com"]
[Date "2024.01.30"]
[Round "7"]
[White "vesalhamedinia"]
[Black "Meri-Arabidze"]
[Result "1-0"]
[WhiteElo "2504"]
[BlackElo "2736"]
[TimeControl "180+1"]
[EndTime "15:19:41 PST"]
[Termination "vesalhamedinia won on time"]

1. d4 Nf6 2. c4 e6 3. Nf3 Bb4+ 4. Nbd2 O-O 5. a3 Be7 6. e4 d6 7. Bd3 e5 8. Qc2 Nfd7 9. O-O a5 10. Rd1 Nc6 11. d5 Ncb8 12. Nf1 Nc5 13. Be3 Nba6 14. Ng3 a4 15. h3 Bd7 16. Qe2 Rb8 17. Rac1 g6 18. Bh6 Re8 19. Bc2 b5 20. cxb5 Bxb5 21. Qd2 Qd7 22. Qc3 Bf8 23. Be3 Bg7 24. h4 Qg4 25.
Bg5 h6 26. Nh2 Qd7 27. Be3 h5 28. Qa5 Ra8 29. Qc3 Reb8 30. Nf3 Qe7 31. Bg5 f6 32. Be3 Bd7 33. Ne1 Rb7 34. Nd3 Nb3 35. Bxb3 Rxb3 36. Qc2 Be8 37. Rb1 Kh7 38. Nc1 Rb7 39. Nd3 Bb5 40.
Nc1 Rab8 41. Qc3 Qd7 42. Qa5 Qg4 43. Na2 Qxh4 44. Nc3 Bc4 45. Qxa4 Bb3 46. Qxa6 Bxd1 47. Nxd1 Qg4 48. Qd3 Rb3 49. Qd2 f5 50. exf5 gxf5 51. Bg5 f4 52. Ne4 f3 53. g3 Qxe4 54. Rc1 Qg6 55. Bh4 Rd3 56. Qe1 e4 57. Ne3 Rxb2 58.
Rxc7 Re2 59. Qa1 Rdd2 60. Bf6 Rxe3 61. Rxg7+ Qxg7 62. Bxg7 Red3 63. Kh2 Rxf2+ 64. Kh3 Rfd2 65. Bh8 Rd4 66. Bxd4 f2 67. Bxf2 Rxf2 68. Qe1 Rf6 69. Qxe4+ Kg7 70. Qd4 Kg6 71. a4 Rf1 72. Qe4+ Kg5 73.
Qe3+ Kg6 74. Qd3+ Rf5 75. a5 Kg5 76. a6 Rf8 77. Qe3+ Kg6 78. a7 1-0

[Event "Late-Titled-Tuesday-Blitz-January-30-2024"]
[Site "Chess.com"]
[Date "2024.01.30"]
[Round "7"]
[White "malakismayil"]
[Black "Bkmzzzzz"]
[Result "1-0"]
[WhiteElo "2538"]
[BlackElo "2344"]
[TimeControl "180+1"]
[EndTime "15:20:00 PST"]
[Termination "malakismayil won by checkmate"]

1. e4 d6 2. d4 Nf6 3. Nc3 e5 4. dxe5 dxe5 5. Qxd8+ Kxd8 6. Bg5 Be6 7. O-O-O+ Nd7 8. Nf3 Bd6 9. Nb5 Ke7 10. Nxd6 cxd6 11. Bd3 h6 12. Bd2 a6 13. a3 b5 14.
Rhe1 Rhb8 15. Ba5 Nc5 16. b4 Na4 17. Kd2 Rc8 18. Rc1 Rc3 19. Ra1 Rac8 20. Rec1 Bc4 21. h3 Ke6 22. Ne1 d5 23. exd5+ Kxd5 24. f3 e4 25. fxe4+ Nxe4+ 26. Bxe4+ Kxe4 27. Nf3 Kf4 28. Re1 Bd5 29. Nd4 R8c4 30. Ne2+ Kf5 31. Nxc3 Rxc3 32. Rf1+ Kg6 33. Rf2 Be4 34. Rc1 f5 35. Re2 Kg5 36. g4 g6 37. gxf5 gxf5 38. Rg1+ Kf6 39. Kc1 Rxa3 40.
Kd2 Rxh3 41. Rf1 Ke5 42. Bc7+ Kd5 43. Bf4 Rc3 44. Kc1 h5 45. Bd2 Ra3 46. Kb1 Rb3+ 47.
Kc1 Ra3 48. Kb1 Nc3+ 49. Bxc3 Rxc3 50. Rd1+ Kc4 51. Kb2 Kxb4 52. Rd4+ Rc4 53. Rd6 a5 54. Rh6 Bf3 55. Rf2 Bg4 56. Rb6 a4 57. Rd2 Ka5 58.
Rb8 Rc6 59. Rd5 Be2 60. Ra8+ Kb4 61. Rxf5 a3+ 62. Kb1 Bg4 63. Rf4+ Kc5 64. Rxa3 Kd5 65. Rd3+ Kc5 66. Kb2 Kb6 67. Re3 Ka5 68. Ra3+ Kb6 69.
Rb3 Ka5 70. Rfb4 Rc5 71. Rf4 Bd1 72. Rc3 Rxc3 73. Kxc3 Be2 74. Kd2 Bg4 75. Kc3 Kb6 76.
Kd4 Be2 77. Rf6+ Ka5 78. c3 Ka4 79. Kc5 Kb3 80. Kd4 Bg4 81. Rb6 Be2 82. Re6 Bg4 83. Re5 Ka4 84. Kc5 Kb3 85. Kd4 Ka4 86. Rc5 Be2 87.
Rg5 Bg4 88. Re5 Bf3 89. Re3 Bg4 90. Re1 Kb3 91. Rb1+ Ka4 92. Rb4+ Ka5 93. Kc5 Be2 94. Rb2 Bg4 95. Ra2# 1-0

[Event "Late-Titled-Tuesday-Blitz-January-30-2024"]
[Site "Chess.com"]
[Date "2024.01.30"]
[Round "7"]
[White "Onthequiet"]
[Black "sotochess"]
[Result "1-0"]
[WhiteElo "2456"]
[BlackElo "2551"]
[TimeControl "180+1"]
[EndTime "15:20:01 PST"]
[Termination "Onthequiet won on time"]

1. d4 Nf6 2. Nf3 g6 3. Bg5 Bg7 4. Nbd2 d5 5. c3 h6 6. Bh4 c5 7. e3 Nc6 8. dxc5 O-O 9. Be2 b6 10. cxb6 Qxb6 11. Qb3 Qc7 12. Bg3 e5 13. O-O Rb8 14.
Qa3 Nh5 15. Nb3 Nxg3 16. hxg3 Rd8 17. Rfd1 Bf8 18. Qa4 Be6 19. Rac1 g5 20. Bb5 Ne7 21. Rd2 g4 22. Nh2 h5 23. Rcd1 Nc8 24. Nf1 Nb6 25.
Qa5 Rdc8 26. Ba6 Nc4 27. Qxc7 Rxc7 28. Bxc4 dxc4 29. Nc1 Rcb7 30. b3 cxb3 31. axb3 Bxb3 32. Nxb3 Rxb3 33. Rc2 Rc8 34. c4 a5 35. Nd2 Rd3 36. Ra1 Bb4 37. Ne4 Kg7 38. c5 Rc6 39. Rac1 Kg6 40. Kf1 Kf5 41. Nd6+ Ke6 42. Nb7 Rd7 43.
Nd6 Ra7 44. e4 a4 45. Nf5 a3 46. Ne3 a2 47. Ra1 Rxc5 48. Rcxa2 Rxa2 49. Rxa2 Bc3 50. Ke2 Bd4 51. Nd5 f5 52. f3 fxe4 53. fxe4 Rb5 54.
Rc2 Rb3 55. Rd2 Rxg3 56. Ra2 h4 57. Ra6+ Kd7 58. Kf1 h3 59. gxh3 gxh3 60. Rh6 Bg1 61. Nf6+ Kd8 62. Nh5 Rg5 63. Nf6 h2 64. Nd5 Rg4 65.
Ke2 Rxe4+ 66. Kf3 Rd4 67. Nb6 Ke7 68. Nc8+ Kf7 69. Rh5 Kf6 70. Rh8 Rf4+ 71. Kg2 Rf2+ 72.
Kh1 Kf5 73. Nd6+ Ke6 74. Ne4 Rf4 75. Ng5+ Kd5 76. Rd8+ Kc5 77. Nh3 Rf1 78. Kg2 Re1 79.
Rc8+ Kd4 80. Rd8+ Kc3 81. Rc8+ Kd3 82. Rd8+ Ke4 83. Ng5+ Kf5 84. Nf3 Re2+ 85. Kh1 Rf2 86. Nh4+ Kg4 87. Ng6 e4 88. Ne5+ Kf4 89. Nc6 1-0

[Event "Late-Titled-Tuesday-Blitz-January-30-2024"]
[Site "Chess.com"]
[Date "2024.01.30"]
[Round "7"]
[White "SantoBlue"]
[Black "Szparu"]
[Result "1-0"]
[WhiteElo "2983"]
[BlackElo "2793"]
[TimeControl "180+1"]
[EndTime "15:20:03 PST"]
[Termination "SantoBlue won on time"]

1. e4 e6 2. d4 d5 3. Nd2 Be7 4. Ngf3 Nf6 5. e5 Nfd7 6. Bd3 c5 7. c3 Nc6 8. O-O a5 9. a4 cxd4 10. cxd4 Nb4 11. Bb5 O-O 12. Nb1 Nb6 13. Nc3 Bd7 14.
Be2 Nc8 15. g3 Na7 16. h4 Rb8 17. Kg2 b5 18. axb5 Nxb5 19. h5 h6 20. Rh1 f6 21.
exf6 Bxf6 22. Bf4 Rb7 23. Ne5 Bxe5 24. Bxe5 Nxc3 25. bxc3 Nc6 26. Bd6 Rf7 27. Qc2 Be8 28. Bf4 Ne7 29. Bd3 Nf5 30. Be5 a4 31. Rab1 Qg5 32. Bf4 Qd8 33. Qe2 Rxb1 34. Rxb1 Qe7 35. Rb8 Rf8 36. Rb6 Bd7 37. Ra6 Qe8 38. Ra7 Ne7 39. Bd6 Nc8 40. Bg6 Qd8 41. Bxf8 Nxa7 42. Bc5 Nc6 43. Qf3 Qf6 44. Qd3 Ne7 45. Bxe7 Qxe7 46.
Qa6 a3 47. Qa8+ Qf8 48. Qa7 Be8 49. f4 Bxg6 50. hxg6 Qe8 51. Qxa3 Qxg6 52. Qb2 Qe4+ 53. Kh2 Qf3 54. Qd2 h5 55. Qe1 Kf7 56. Kh3 Qg4+ 57. Kg2 h4 58. Qe3 Qg6 59. Kh3 hxg3 60. Qxg3 Qh5+ 61.
Kg2 Qe2+ 62. Kg1 Qd1+ 63. Kh2 Qe2+ 64. Kh3 Qh5+ 65. Kg2 Qe2+ 66. Qf2 Qg4+ 67. Kh2 Kf6 68. Qe3 Qh4+ 69. Kg2 Qg4+ 70. Kf2 Qh4+ 71. Ke2 Qg4+ 72.
Kd2 Qg2+ 73. Kd3 Qf1+ 74. Kc2 Qg2+ 75. Kb3 Kf7 76. Qe5 Qf1 77. Qc7+ Kf6 78. Qd8+ Kf7 79. Qc7+ Kf6 80. Kb4 Qb1+ 81. Kc5 Qf5 82. Qd8+ Kg6 83.
Qe8+ Kh6 84. Qh8+ Kg6 85. Qh4 Qf8+ 86. Kc6 Qc8+ 87. Kd6 Qxc3 88. Qg4+ Kh7 89. Qh5+ Kg8 90. Qe8+ Kh7 91. Qh5+ Kg8 92. Qe5 Kf8 93. Kxe6 Kg8 94. Qxd5 Qh3+ 95. f5 Qe3+ 96. Kd7+ Kf8 97. Qa8+ Kf7 98.
Qd5+ Kf6 99. Qe6+ 1-0

[Event "Late-Titled-Tuesday-Blitz-January-30-2024"]
[Site "Chess.com"]
[Date "2024.01.30"]
[Round "8"]
[White "Iball95"]
[Black "jefferyx"]
[Result "1/2-1/2"]
[WhiteElo "2786"]
[BlackElo "3003"]
[TimeControl "180+1"]
[EndTime "15:22:32 PST"]
[Termination "Game drawn by repetition"]

1. e4 c5 2. Nf3 d6 3. Nc3 Nf6 4. d4 cxd4 5. Qxd4 Nc6 6. Bb5 Bd7 7.
Bxc6 Bxc6 8. Bg5 e6 9. O-O-O h6 10. Bxf6 Qxf6 11. Qxf6 gxf6 12. Nd4 a6 13. Nxc6 bxc6 14.
Rhe1 h5 15. h4 Rg8 16. g3 Rg4 17. b3 Rb8 18. Kb1 Kd7 19. Na4 Kc7 20. c4 Bg7 21. Kc2 Rb4 22. Rd3 Bf8 23. Re2 Be7 24. Kc3 Rb8 25. Kc2 Rb4 26. Kc3 Rb8 27. Kc2 Rb4 1/2-1/2

[Event "Late-Titled-Tuesday-Blitz-January-30-2024"]
[Site "Chess.com"]
[Date "2024.01.30"]
[Round "8"]
[White "SHIVACalypso"]
[Black "TheCavemanChess"]
[Result "0-1"]
[WhiteElo "2489"]
[BlackElo "2692"]
[TimeControl "180+1"]
[EndTime "15:22:43 PST"]
[Termination "TheCavemanChess won by resignation"]

1. Nf3 Nc6 2. c4 Nf6 3. Nc3 d6 4. g3 g6 5. Bg2 Bg7 6. O-O O-O 7.
d3 e6 8. Rb1 d5 9. cxd5 exd5 10.
e4 Re8 11. Bg5 dxe4 12. dxe4 Qxd1 13. Rbxd1 Nxe4 14. Nxe4 Rxe4 15. Ne5 Rxe5 16. Bxc6 Rxg5 17. Rd8+ Bf8 18. Bd7 Bxd7 19. Rxa8 Kg7 20. Rxa7 Bc6 21. Re1 Bc5 22. Re2 Bxa7 0-1

[Event "Late-Titled-Tuesday-Blitz-January-30-2024"]
[Site "Chess.com"]
[Date "2024.01.30"]
[Round "8"]
[White "Felix-Rose"]
[Black "Doomfist26"]
[Result "1-0"]
[WhiteElo "2406"]
[BlackElo "2603"]
[TimeControl "180+1"]
[EndTime "15:22:43 PST"]
[Termination "Felix-Rose won by resignation"]

1. e4 c5 2. Nf3 d6 3. d4 cxd4 4.
Nxd4 Nf6 5. Nc3 Nc6 6. Bg5 Bd7 7. Qd2 Rc8 8. O-O-O Nxd4 9. Qxd4 Qa5 10. h4 h6 11.
Be3 Ng4 12. Qxa7 Qb4 13. a3 1-0

[Event "Late-Titled-Tuesday-Blitz-January-30-2024"]
[Site "Chess.com"]
[Date "2024.01.30"]
[Round "8"]
[White "ACollins05"]
[Black "RodokininEV"]
[Result "0-1"]
[WhiteElo "2451"]
[BlackElo "2635"]
[TimeControl "180+1"]
[EndTime "15:24:02 PST"]
[Termination "RodokininEV won by resignation"]

1. d4 c5 2. d5 g6 3. c4 Bg7 4. Nc3 Bxc3+ 5. bxc3 e5 6. e4 d6 7. Be2 Ne7 8. Bh6 f5 9. Bd3 Nd7 10. Nf3 fxe4 11. Bxe4 Nf5 12. Bxf5 gxf5 13. Ng5 Nf6 14. O-O Qe7 15. h3 Rg8 16. Re1 Bd7 17.
Nf3 Rg6 18. Bg5 Kf7 19. Rb1 b6 20. g3 Rag8 21. h4 h6 22. Bxf6 Qxf6 23. Kh1 f4 24.
Nd2 Qf5 25. Qf3 Qh3+ 26. Kg1 Rxg3+ 27. fxg3 Rxg3+ 28. Qxg3 Qxg3+ 29. Kf1 Bh3+ 30. Ke2 Bg4+ 31. Kf1 Qd3+ 32. Kg1 Qxd2 0-1

[Event "Late-Titled-Tuesday-Blitz-January-30-2024"]
[Site "Chess.com"]
[Date "2024.01.30"]
[Round "8"]
[White "Matalon"]
[Black "Lion-Al-Messi"]
[Result "1-0"]
[WhiteElo "2486"]
[BlackElo "2591"]
[TimeControl "180+1"]
[EndTime "15:24:14 PST"]
[Termination "Matalon won by resignation"]

1. e4 c5 2. Nf3 Nc6 3. d4 cxd4 4.
Nxd4 Nf6 5. Nc3 e5 6. Ndb5 d6 7. Bg5 a6 8. Na3 b5 9. Nd5 Be7 10. Bxf6 Bxf6 11. c3 Bg5 12. Nc2 Rb8 13. Be2 a5 14.
O-O Be6 15. Nce3 O-O 16. Qd3 b4 17. Rfd1 bxc3 18. bxc3 a4 19. Nc4 f5 20. Nxd6 fxe4 21. Nxe4 Bh6 22. Qa6 Qh4 23. Qxc6 Rbe8 24. g3 Qh3 25.
Nc7 Re7 26. Nxe6 Rxe6 27. Bc4 Kh8 28. Qxe6 Qh5 29. Nd6 Qf3 30. Nf7+ Qxf7 1-0

[Event "Late-Titled-Tuesday-Blitz-January-30-2024"]
[Site "Chess.com"]
[Date "2024.01.30"]
[Round "8"]
[White "JaackCamel"]
[Black "The_Straightforward_Rook"]
[Result "0-1"]
[WhiteElo "2156"]
[BlackElo "2407"]
[TimeControl "180+1"]
[EndTime "15:24:15 PST"]
[Termination "The_Straightforward_Rook won by resignation"]

1. d4 d5 2. c4 c6 3. cxd5 cxd5 4. Bf4 Nf6 5. e3 Nc6 6. Nc3 Bf5 7. Bd3 Bxd3 8. Qxd3 e6 9. h3 Be7 10. Nf3 O-O 11.
O-O Rc8 12. Rac1 Nd7 13. Rfd1 a6 14. a3 Na5 15. Ne5 Nxe5 16. Bxe5 Nc4 17. Qe2 Nxe5 18.
dxe5 b5 19. Qd3 Rc4 20. Ne2 Qc7 21. Rxc4 bxc4 22. Qc3 Rb8 23. b4 a5 24. bxa5 Rb3 25.
Qd4 Rxa3 26. Qb6 Qxb6 27. axb6 Rb3 28. Ra1 Rxb6 29. Ra8+ Bf8 30. Nd4 g6 31. Rc8 Kg7 32.
Kf1 Bb4 33. Rc7 Bc3 34. Ne2 Bxe5 35. Rc8 Rb1+ 0-1

[Event "Late-Titled-Tuesday-Blitz-January-30-2024"]
[Site "Chess.com"]
[Date "2024.01.30"]
[Round "8"]
[White "Mikhail_Golubev"]
[Black "KamlaPasand"]
[Result "1-0"]
[WhiteElo "2659"]
[BlackElo "2486"]
[TimeControl "180+1"]
[EndTime "15:24:29 PST"]
[Termination "Mikhail_Golubev won by checkmate"]

1. e4 e5 2. Nf3 Nc6 3. Bc4 Bc5 4.
c3 Nf6 5. d4 exd4 6. cxd4 Bb4+ 7.
Nbd2 d5 8. exd5 Nxd5 9. O-O O-O 10. a3 Ba5 11. Ba2 Bg4 12. h3 Bh5 13. Nc4 Bb6 14. g4 Bg6 15. Re1 Qd7 16. Nfe5 Nxe5 17. dxe5 Rad8 18. Bg5 f6 19. exf6 gxf6 20. Bh6 Rf7 21. Nxb6 Nxb6 22. Qxd7 Rxd7 23. Re8# 1-0

[Event "Late-Titled-Tuesday-Blitz-January-30-2024"]
[Site "Chess.com"]
[Date "2024.01.30"]
[Round "8"]
[White "Fernando_Offermann"]
[Black "HajiyevKanan"]
[Result "1-0"]
[WhiteElo "2470"]
[BlackElo "2551"]
[TimeControl "180+1"]
[EndTime "15:24:36 PST"]
[Termination "Fernando_Offermann won by resignation"]

1. Nf3 b6 2. g3 Bb7 3. Bg2 g6 4. O-O Nf6 5. d4 Bg7 6. c4 O-O 7. d5 c6 8. Nc3 cxd5 9. cxd5 Na6 10. e4 Nc5 11. Nd4 d6 12. Re1 Rc8 13. h3 a6 14. f4 b5 15. Nc6 Bxc6 16. dxc6 Qb6 17. Be3 Rxc6 18. b4 Rcc8 19. Rc1 Nh5 20. Nd5 Qa7 21. Kh2 e6 22. Nc3 Qe7 23. bxc5 dxc5 24.
e5 Bh6 25. Ne4 c4 26. Qf3 Rfd8 27. g4 Nxf4 28. Bxf4 Rd3 29. Re3 Bxf4+ 30. Qxf4 Rcd8 31. Rf1 b4 32. Qh6 Rxe3 33. Nf6+ Qxf6 34. exf6 1-0

[Event "Late-Titled-Tuesday-Blitz-January-30-2024"]
[Site "Chess.com"]
[Date "2024.01.30"]
[Round "8"]
[White "Navyblue1"]
[Black "Inepton_Fermion"]
[Result "0-1"]
[WhiteElo "2143"]
[BlackElo "2379"]
[TimeControl "180+1"]
[EndTime "15:24:39 PST"]
[Termination "Inepton_Fermion won by resignation"]

1. d4 Nf6 2. c4 e6 3. Nf3 b6 4. Nc3 Bb4 5. Bd2 Bb7 6. g3 O-O 7.
Bg2 Bxc3 8. Bxc3 Ne4 9. Qc2 Nxc3 10. Qxc3 a5 11. O-O d6 12. Rfe1 f5 13. Nh4 Bxg2 14.
Nxg2 Nd7 15. e4 fxe4 16. Rxe4 e5 17. Rae1 Qf6 18. R1e2 exd4 19. Qxd4 Ne5 20. Qd5+ Kh8 21. Nf4 g5 22. Nd3 c6 23. Nxe5 cxd5 24. Nd7 dxe4 0-1

[Event "Late-Titled-Tuesday-Blitz-January-30-2024"]
[Site "Chess.com"]
[Date "2024.01.30"]
[Round "8"]
[White "neri_gaite"]
[Black "Bala-Afiada"]
[Result "1-0"]
[WhiteElo "2029"]
[BlackElo "2017"]
[TimeControl "180+1"]
[EndTime "15:24:39 PST"]
[Termination "neri_gaite won by resignation"]

1. d4 d5 2. c4 e6 3. Nc3 Nf6 4. Bg5 c6 5. e3 Be7 6. Nf3 O-O 7. Rc1 Nbd7 8. Bd3 dxc4 9. Bxc4 b5 10. Bd3 Bb7 11.
Bxf6 Bxf6 12. O-O e5 13. dxe5 Nxe5 14. Nxe5 Bxe5 15. Be4 Qb6 16. Qh5 f5 17. Bxf5 Bxh2+ 18. Kxh2 g6 19. Bxg6 hxg6 20. Qxg6+ Kh8 21. Rh1 1-0

[Event "Late-Titled-Tuesday-Blitz-January-30-2024"]
[Site "Chess.com"]
[Date "2024.01.30"]
[Round "8"]
[White "Kleyton_Lima"]
[Black "TanitoluwaAps116"]
[Result "0-1"]
[WhiteElo "2594"]
[BlackElo "2726"]
[TimeControl "180+1"]
[EndTime "15:24:41 PST"]
[Termination "TanitoluwaAps116 won by resignation"]

1. e4 c5 2. Nf3 e6 3. d4 cxd4 4.
Nxd4 Nf6 5. Nc3 Nc6 6. Nxc6 bxc6 7. e5 Nd5 8. Ne4 Qc7 9. f4 Rb8 10. c4 Bb4+ 11. Ke2 O-O 12. a3 Be7 13. cxd5 cxd5 14.
Nd6 f6 15. Nxc8 Rfxc8 16. exf6 Bxf6 17. Rb1 Qc4+ 18. Qd3 Qa2 19. Kf2 Rb3 20. Qa6 Rc2+ 21. Kg1 Bd4+ 0-1